 Dungeon Crawl Stone Soup version 0.18-a0-1551-g40744a8 (webtiles) character file.

167 Duffy the Caller (level 5, 28/28 HPs)
             Began as a Deep Elf Summoner on Mar 11, 2016.
             Was a Follower of Vehumet.
             Quit the game on level 3 of the Dungeon.
             The game lasted 00:04:48 (3824 turns).

Duffy the Caller (Deep Elf Summoner)                Turns: 3824, Time: 00:04:48

Health: 28/28      AC:  5    Str:  5    XL:     5   Next: 23%
Magic:  13/13      EV: 13    Int: 20    God:    Vehumet [*.....]
Gold:   159        SH:  0    Dex: 16    Spells: 4 memorised, 2 levels left

rFire  . . .     SeeInvis .     j - +2 spear (pierce)
rCold  . . .     Gourm    .     a - +0 robe
rNeg   . . .     Faith    .     (no shield)
rPois  .         Spirit   .     n - +0 helmet
rElec  .         Dismiss  .     p - +0 cloak
rCorr  +         Reflect  .     y - +0 pair of gloves
SustAt .         Harm     .     (no boots)
MR     .....                    (no amulet)
Stlth  ++........               (no ring)
                                x - ring of resist corrosion

@: not resistant to hostile enchantments, unstealthy
A: no striking features
a: Renounce Religion


You were on level 3 of the Dungeon.
You worshipped Vehumet.
Vehumet was aware of your devotion.
You were not hungry.

You visited 1 branch of the dungeon, and saw 3 of its levels.

You collected 159 gold pieces.


   Skills:
 - Level 2.4 Dodging
 - Level 2.4 Stealth
 - Level 4.0 Spellcasting
 - Level 6.2 Summonings
 + Level 2.5 Ice Magic


You had 2 spell levels left.
You knew the following spells:

 Your Spells              Type           Power        Failure   Level  Hunger
a - Summon Small Mammal   Summ           ####         1%          1    None
i - Call Imp              Summ           ####....     1%          2    #......
l - Summon Ice Beast      Ice/Summ       ###.....     24%         4    ####...
n - Call Canine Familiar  Summ           ####....     3%          3    ###....

Inventory:

Hand Weapons
 e - a +0 whip
 g - a +2 short sword of flaming
 j - a +2 spear of piercing (weapon)
Missiles
 d - 9 poisoned needles
Armour
 a - a +0 robe (worn)
 n - a +0 helmet (worn)
 p - a +0 cloak (worn)
 y - a +0 pair of gloves (worn)
Jewellery
 x - a ring of resist corrosion (left hand)
Scrolls
 f - 3 scrolls of identify {unknown}
 h - a scroll of noise {unknown}
 k - a scroll of immolation {unknown}
 m - a scroll of blinking {unknown}
 q - a scroll of fog {unknown}
 s - a scroll of remove curse {unknown}
 v - a scroll of teleportation {unknown}
Potions
 i - a potion of lignification {unknown}
 o - a potion of might {unknown}
 r - a potion of haste {unknown}
 u - a potion of degeneration {unknown}
Books
 b - a book of Callings
Comestibles
 c - 2 bread rations
 l - a beef jerky
 t - 4 fruits
 w - 3 chunks of flesh

Dungeon Overview and Level Annotations

Branches:
Dungeon (3/15)

Altars:
Qazlal
Vehumet


Message History

The hobgoblin is severely wounded.
The hobgoblin closely misses you.
A rat comes into view.
You hit the hobgoblin.
You kill the hobgoblin!
You barely miss the rat. The rat barely misses you.
You closely miss the rat. The rat barely misses you.
You closely miss the rat. The rat barely misses you.
You hit the rat.
You kill the rat!
No target in view!
No target in view!
No target in view!
No target in view!
No target in view!
No target in view!
No target in view!
No target in view!
There is a faded altar to an unknown god here.
This altar will convert you to a god.
You cannot discern which.
Do you pray?
Okay, then.
You spend a moment contemplating the meaning of life.
There is a faded altar to an unknown god here.
This altar will convert you to a god.
You cannot discern which.
Do you pray? Vehumet accepts your prayer! Vehumet welcomes you!
You can now gain magical power from killing.
Vehumet offers you knowledge of Sting.
You see here a pair of gloves.
y - a pair of gloves Wear which item? (? for menu, Esc to quit)
You start putting on your armour.
You continue putting on your pair of gloves. x4
You finish putting on your +0 pair of gloves.
Are you sure you want to abandon this character and quit the game? (Confirm with "yes".)

#...........# #.#######.##.#
#######.#########..........#.#
#.# #.....#...####.#.#.#
#######.# #............#.#...#
#.......###.......#..# #.##..#
#................#_#.# #.##..#
#...[.............#..#
#.###.###
#######.......#......#.#.#
#>... #.......'@.......#.#
##### ##......#...##.###.#
#......#...# .# #.#
+......#...# .# #.#
#......#...# .# #.# #
#......#...# #.# # ###+ #...#
#.####### +.... ##.#..)...
#..#.#####


There were no monsters in sight!

Action                   |  1- 3 |  4- 6 || total
-------------------------+-------+-------++-------
Melee: Whip              |    24 |       ||    24
       Spear             |    87 |    65 ||   152
       Short sword       |    17 |       ||    17
 Cast: Summon Small Mamm |     3 |       ||     3
       Call Canine Famil |     5 |     5 ||    10
       Call Imp          |     3 |     6 ||     9
 Stab: Sleeping          |     5 |     3 ||     8
       Distracted        |     1 |       ||     1
  Eat: Chunk             |     5 |     6 ||    11

Notes
Turn   | Place    | Note
--------------------------------------------------------------
     0 | D:1      | Duffy the Deep Elf Summoner began the quest for the Orb.
     0 | D:1      | Reached XP level 1. HP: 10/10 MP: 6/6
   535 | D:1      | Reached XP level 2. HP: 15/15 MP: 8/8
   602 | D:1      | Learned a level 2 spell: Call Imp
   669 | D:1      | Reached skill level 5 in Summonings
  1342 | D:2      | Reached XP level 3. HP: 11/19 MP: 9/9
  1511 | D:2      | Learned a level 3 spell: Call Canine Familiar
  1921 | D:2      | Reached skill level 6 in Summonings
  2315 | D:2      | Reached XP level 4. HP: 10/24 MP: 6/10
  2871 | D:3      | Reached skill level 4 in Spellcasting
  2999 | D:3      | Learned a level 4 spell: Summon Ice Beast
  3074 | D:3      | Noticed Natasha
  3083 | D:3      | Killed Natasha
  3083 | D:3      | Reached skill level 1 in Ice Magic
  3100 | D:3      | Found a stormy altar of Qazlal.
  3247 | D:3      | Noticed Natasha
  3262 | D:3      | Killed Natasha
  3262 | D:3      | Reached skill level 2 in Ice Magic
  3262 | D:3      | Reached XP level 5. HP: 3/28 MP: 3/13
  3416 | D:3      | Noticed Natasha
  3422 | D:3      | Killed Natasha
  3797 | D:3      | Found a faded altar to an unknown god.
  3815 | D:3      | Became a worshipper of Vehumet
  3815 | D:3      | Reached * piety under Vehumet
  3815 | D:3      | Offered knowledge of Sting by Vehumet.
  3824 | D:3      | Quit the game

Vault maps used:
D:1:      sevenhm_arrival_forest_fort_large_1, serial_bayou_pond_e
D:2:      first_bread, serial_undead, serial_undead_c, serial_undead_c,
          serial_undead_f, serial_undead_a, serial_undead_c, serial_undead_e
D:3:      grunt_qazlal_clouds, serial_glass, glass_columns_b, glass_columns_a,
          due_unseen_surprise, minmay_strange_pillars, ecumenical_altar_1,
          uniq_natasha

Vanquished Creatures
  Natasha (thrice)
  4 gnolls
  3 adders
  2 adder zombies
  An adder skeleton
  5 worms
  A dart slug
  A giant gecko
  4 ball pythons
  5 bats
  A bat zombie
  4 giant cockroaches
  7 goblins
  9 hobgoblins
  A quokka
  8 giant newts
  3 kobolds
  A quokka skeleton
  6 rats
69 creatures vanquished.
